 Dungeon Crawl Stone Soup version 0.24.0-1-gfbc8707122 (webtiles) character file.

Game seed: 5073262005149598649, levelgen mode: deterministic

157 Mrkan the Chopper (level 5, -2/41 HPs)
             Began as a Draconian Monk on Oct 28, 2019.
             Was a Believer of Hepliaklqana.
             Slain by Duvessa
             ... wielding a +0 short sword
              (8 damage)
             ... on level 4 of the Dungeon.
             The game lasted 00:07:46 (3569 turns).

Mrkan the Chopper (Draconian Monk)                  Turns: 3569, Time: 00:07:47

Health: -2/41      AC:  5    Str: 13    XL:     5   Next: 15%
Magic:  5/5        EV: 14    Int: 12    God:    Hepliaklqana [**....]
Gold:   132        SH: 12    Dex: 18    Spells: 4/4 levels left

rFire    . . .     SeeInvis .   a - +0 hand axe
rCold    . . .     Gourm    .   x - +0 large shield
rNeg     . . .     Faith    .   (armour unavailable)
rPois    .         Spirit   .   (helmet restricted)
rElec    .         Reflect  .   q - scarf {cloud immunity}
rCorr    .         Harm     .   (no gloves)
MR       .....                  (no boots)
Stlth    +++.......             (no amulet)
HPRegen  0.13/turn              (no ring)
MPRegen  0.09/turn              (no ring)

@: agile
A: unfitting armour, reduced essence, cold-blooded, AC +5
a: Recall Ancestor, Ancestor Identity, Renounce Religion


You were on level 4 of the Dungeon.
You worshipped Hepliaklqana.
Hepliaklqana was pleased with you.
You were not hungry.

You visited 1 branch of the dungeon, and saw 4 of its levels.

You collected 132 gold pieces.

Inventory:

Hand Weapons
 a - a +0 hand axe (weapon)
Missiles
 g - 90 stones (quivered)
 m - 18 sling bullets
Armour
 d - a +2 buckler
 q - a scarf of cloud immunity (worn)
 x - a +0 large shield (worn)
Jewellery
 i - an uncursed ring of protection from fire {unknown}
 l - a cursed ring of attention {unknown}
Wands
 t - a wand of acid (5)
Scrolls
 e - a scroll of remove curse {unknown}
 f - 2 scrolls of amnesia
 p - 2 scrolls of enchant armour {unknown}
 v - a scroll of teleportation {unknown}
 w - 3 scrolls of identify {unknown}
 y - a scroll of enchant weapon {unknown}
Potions
 c - a potion of flight {unknown}
 h - a potion of heal wounds {unknown}
 j - a potion of agility
 k - a potion of ambrosia {unknown}
 n - 2 potions of mutation {unknown}
 o - a potion of lignification {unknown}
 r - 2 potions of berserk rage {unknown}
 s - a potion of curing {unknown}
Comestibles
 b - 6 rations


   Skills:
 + Level 4.1 Fighting
 + Level 4.2 Axes
 - Level 2.7 Dodging
 - Level 2.5 Stealth
 * Level 2.2 Shields
 + Level 0.8 Invocations


You had 4 spell levels left.
You didn't know any spells.
Your spell library was empty.

Dungeon Overview and Level Annotations

Branches:
Dungeon (4/15)
 Temple: D:4-7

Altars:
Cheibriados
Hepliaklqana
Yredelemnul

Shops:
D:4 *

Annotations:
D:4 Dowan, Duvessa


Innate Abilities, Weirdness & Mutations

Your plain brown scales are hard. (AC +5)
You cannot fit into any form of body armour.
You are cold-blooded and may be slowed by cold attacks.
Your life essence is reduced to manifest your ancestor. (-10% HP)


Message History

Duvessa barely misses you.
Merenptah hits Duvessa with a +0 flail.
Dowan hits Merenptah but does no damage.
You hit Duvessa.
You tail-slap Duvessa, but do no damage.
Duvessa is moderately wounded.
You block Duvessa's attack.
Merenptah hits Dowan with a +0 flail.
Dowan hits Merenptah but does no damage.
Duvessa misses you.
You closely miss Duvessa.
Duvessa is moderately wounded.
Merenptah blocks Dowan's attack.
Merenptah hits Dowan with a +0 flail.
Duvessa closely misses you.
Merenptah blocks Dowan's attack.
Merenptah hits Dowan but does no damage.
You hit Duvessa. You tail-slap Duvessa.
Duvessa is heavily wounded.
Duvessa closely misses you.
Dowan points at Merenptah and mumbles some strange words.
Merenptah is outlined in light.
Merenptah hits Dowan with a +0 flail!
Duvessa hits you with a +0 short sword!
You die...

.. ... ##..
#########....
#.........#
#........#
#........#
######e.......#
#.(@eR...#.#..##
#.###.....∩..†.#
[.
#..####.#)#e##
#. ...##
#...#..# # .>.#
######.#### ....
#.#... .?..
#..... ###.
###.... ##......


You could see the friendly Merenptah the knight, Duvessa and Dowan.

Vanquished Creatures
  A bullfrog skeleton (D:4)
  2 adders (D:2)
  3 worms (D:2)
  2 dart slugs
  3 leopard geckos
  An orc (D:3)
  6 bats
  A giant cockroach (D:3)
  7 goblins
  7 hobgoblins
  3 jackals (D:3)
  3 quokkas
  6 frilled lizards
  2 kobolds (D:1)
  7 rats
54 creatures vanquished.

Vanquished Creatures (collateral kills)
  A worker ant (D:4)
  An adder (D:3)
  A dart slug (D:3)
  An orc (D:3)
  A giant cockroach (D:3)
  A quokka (D:3)
  A bat (D:3)
  A rat (D:3)
  A spectral orc (D:3)
9 creatures vanquished.

Grand Total: 63 creatures vanquished

Notes
Turn   | Place    | Note
-------+----------+-------------------------------------------
     0 | D:1      | Mrkan the Draconian Monk began the quest for the Orb.
     0 | D:1      | Reached XP level 1. HP: 19/19 MP: 1/1
   245 | D:1      | Reached XP level 2. HP: 24/26 MP: 2/2
   320 | D:1      | You fall into a shaft and drop 1 floor!
   562 | D:2      | HP: 1/26 [worm (8)]
   563 | D:2      | Reached XP level 3. HP: 1/31 MP: 3/3
   860 | D:2      | Reached skill level 1 in Shields
  1938 | D:3      | Found a snail-covered altar of Cheibriados.
  1943 | D:3      | Found a hazy altar of Hepliaklqana.
  1992 | D:3      | Reached XP level 4. HP: 40/40 MP: 4/4
  2035 | D:3      | Became a worshipper of Hepliaklqana the Forgotten
  2035 | D:3      | Reached * piety under Hepliaklqana
  2035 | D:3      | Reached ** piety under Hepliaklqana
  2036 | D:3      | Remembered your ancestor Merenptah as a knight
  2539 | D:3      | Found a basalt altar of Yredelemnul.
  2686 | D:4      | Noticed Duvessa
  2688 | D:4      | Found Keulomane's Assorted Antiques.
  2688 | D:4      | Noticed Dowan
  3241 | D:4      | Reached XP level 5. HP: 7/41 MP: 5/5
  3569 | D:4      | Slain by Duvessa

Levels and vault maps discovered:
D:1:      erik_arrival_triangle_large, layout_loops_ring,
          kennysheep_another_room
D:2:      layout_loops_ring, minmay_ruptured
D:3:      layout_loops_ring, yredelemnul_forgotten_temple_becter, minitemple,
          first_ration
D:4:      layout_rooms, lightli_sewer_entry_pipes, serial_shops,
          nicolae_shop_crystal, uniq_duvessa, uniq_pikel

Skill      XL: |  1  2  3  4 |
---------------+-------------+-----
Stealth        | 2 |  2.5
Shields        | 1 2 |  2.2
Axes           | 4 |  4.2
Fighting       | 4 |  4.1
Dodging        | |  2.7
Invocations    | |  0.8

Action                   |  1- 3 |  4- 6 || total
-------------------------+-------+-------++-------
Melee: Hand axe          |   142 |    72 ||   214
       Tailslap          |    10 |    13 ||    23
Throw: Stone             |     2 |       ||     2
Invok: Recall Ancestor   |       |     2 ||     2
       Ancestor Life: Kn |       |     1 ||     1
       Ancestor Identity |       |     1 ||     1
  Use: Scroll            |       |     1 ||     1
       Potion            |       |     1 ||     1
 Stab: Sleeping          |     2 |     2 ||     4
  Eat: Chunk             |     3 |     2 ||     5
       Ration            |       |     1 ||     1
Armor: Skin              |    40 |    18 ||    58
Dodge: Dodged            |    77 |    36 ||   113
Block: Buckler           |    36 |     9 ||    45
       Large shield      |       |    48 ||    48
